 Dungeon Crawl Stone Soup version 0.21.1-1-g345015f (webtiles) character file.

23831 troglodite the Carver (level 12, -9/97 HPs)
             Began as a Demonspawn Berserker on July 26, 2018.
             Was a High Priest of Trog.
             Mangled by an ogre
             ... wielding a +0 giant club
             ... led by an orc warlord
              (24 damage)
             ... on level 2 of the Orcish Mines.
             The game lasted 00:39:38 (14553 turns).

troglodite the Carver (Demonspawn Berserker)       Turns: 14553, Time: 00:39:39

Health: -9/97      AC: 19    Str: 18    XL:     12   Next: 75%
Magic:  12/12      EV:  8    Int:  8    God:    Trog [*****.]
Gold:   970        SH: 16    Dex: 21    Spells: 11/11 levels left

rFire    + . .     SeeInvis +   C - +7 falchion of Duty {slice, rPois}
rCold    + . .     Gourm    .   F - +0 large shield
rNeg     . . .     Faith    .   K - +2 chain mail {rF+}
rPois    +         Spirit   .   H - +2 hat {SInv}
rElec    .         Reflect  .   (no cloak)
rCorr    .         Harm     .   q - +0 pair of fencer's gloves {+Riposte Dex+3}
MR       .....                  (no boots)
Stlth    ..........             (no amulet)
HPRegen  3.26/turn              J - ring of protection from cold
MPRegen  0.13/turn              (no ring)

@: berserk cooldown, drained
A: hooves 2, molten scales 2, powered by death 2
a: Berserk, Trog's Hand, Brothers in Arms, Burn Spellbooks, Renounce Religion


You were on level 2 of the Orcish Mines.
You worshipped Trog.
Trog was extremely pleased with you.
You were not hungry.

You visited 3 branches of the dungeon, and saw 15 of its levels.
You also visited: Sewer.

You collected 970 gold pieces.

Inventory:

Hand Weapons
 C - the +7 falchion of Duty (weapon) {slice, rPois}
   (You found it on level 11 of the Dungeon)

   It inflicts extra damage upon your enemies.
   It protects you from poison.
 E - a +2 falchion of venom
 L - a +2 antimagic demon blade
Armour
 l - a +2 helmet
 q - the +0 pair of fencer's gloves (worn) {+Riposte Dex+3}
   (You found it in a sewer)

   It affects your dexterity (+3).
 D - a +0 troll leather armour
 F - a +0 large shield (worn)
 H - a +2 hat of see invisible (worn)
 K - a +2 chain mail of fire resistance (worn)
Jewellery
 J - a ring of protection from cold (left hand)
Wands
 f - a wand of polymorph (12)
 B - a wand of flame (34)
Scrolls
 a - a scroll of holy word {unknown}
 d - a scroll of magic mapping
 g - 4 scrolls of immolation {unknown}
 h - 3 scrolls of remove curse
 i - a scroll of enchant weapon {unknown}
 m - 3 scrolls of fog
 n - 3 scrolls of enchant armour
 o - 3 scrolls of blinking {unknown}
 p - 4 scrolls of teleportation
 u - a scroll of summoning {unknown}
 v - 6 scrolls of amnesia {unknown}
 y - 5 scrolls of fear
Potions
 b - 3 potions of flight
 j - 2 potions of curing
 k - 6 potions of lignification
 r - a potion of magic
 s - a potion of berserk rage
 t - 2 potions of haste
 w - a potion of cancellation
 x - a potion of mutation
 z - a potion of might {unknown}
 A - a potion of agility {unknown}
 G - a potion of resistance {unknown}
Comestibles
 c - 14 rations


   Skills:
 * Level 10.2(9.4) Fighting
 + Level 10.3(9.4) Long Blades
 * Level 9.8(9.0) Armour
 * Level 7.7(6.9) Dodging
 - Level 2.5(1.8) Stealth
 * Level 8.2(7.4) Shields


You had 11 spell levels left.
You didn't know any spells.

Dungeon Overview and Level Annotations

Branches:
Dungeon (12/15)            Temple (0/1) D:4            Lair (0/6) D:10
    Orc (2/2) D:11            Elf (1/3) Orc:2

Altars:
Dithmenos
Elyvilon
Nemelex Xobeh
Qazlal
Ru
Vehumet
Xom
Yredelemnul
Beogh

Shops:
D:10 }


Innate Abilities, Weirdness & Mutations

You have hoof-like feet.
You are mostly covered in molten scales. (AC +3)
You regenerate health from kills.


Message History

The ogre dies!
Trog accepts your kill. You block the orc knight's attack.
The orc warrior hits you from afar with a glaive!
* * * LOW HITPOINT WARNING * * *
You block the ogre's attack.
You closely miss the orc. Your kick misses the orc.
Your two-headed ogre hits the orc knight with a giant club!
Your two-headed ogre hits the orc knight with a giant spiked club!
You block the orc warrior's attack. The orc hits you but does no damage.
You block the orc knight's attack.
Unknown command.
Your shield and chain mail prevent you from hitting the orc.
You kick the orc.
The orc is almost dead.
Your two-headed ogre hits the orc knight with a giant club!!
The orc knight dies!
Trog accepts your kill. You block the orc warrior's attack.
The ogre hits you with a giant club!!
You die...

...#.....#.......................
.............(...................
.................................
..................)(..........#..
.................)()...._......#.
#................)[(.............
#................))..............
.................)..............#
................@oO...........#.#
..............oOoo............)..
.................................
.....)...........................
.....)..........(................
)...####..#.o.o.#..####..........
##).# ###.....#### #..........
###.# #8...8 #O.......#. # .##
#..... ##..........


You could see 2 orc warriors, an ogre, an orc priest, an orc wizard (invisible),
2 orcs and a friendly two-headed ogre (berserk).

Vanquished Creatures
  Gastronok (D:11)
  2 two-headed ogres (D:12)
  The ghost of dscm the Martial Artist, a journeyman OpFi of Cheibriados (D:11)
  4 skeletal warriors (D:8)
  2 orc knights (Orc:2)
  The ghost of troglodite the Skirmisher, a novice DsBe of Trog (D:6)
  2 cyclopes
  A manticore (D:12)
  4 orc sorcerers (Orc:2)
  A centaur zombie (D:12)
  A centaur skeleton (D:11)
  A freezing wraith (D:12)
  2 komodo dragons
  5 hornets
  A troll (D:9)
  4 slime creatures (D:12)
  A hippogriff (D:12)
  Sigmund (D:3)
  A shadow (D:12)
  3 wraiths
  A wyvern (D:10)
  3 yaks (D:12)
  2 steam dragons (D:11)
  A hungry ghost (D:12)
  A water moccasin (D:10)
  4 ice beasts
  A hornet zombie (D:12)
  3 sky beasts
  Purgy (Sewer)
  17 orc warriors
  A black bear (D:8)
  4 necrophages
  10 ogres
  3 centaurs
  A big kobold (D:11)
  7 bullfrogs
  An elf zombie (D:11)
  A gnoll sergeant (D:6)
  3 scorpions
  5 killer bees (D:9)
  9 wights (D:11)
  8 howler monkeys
  9 crimson imps
  2 bullfrog zombies
  A quasit (D:7)
  3 hounds
  6 jellies
  18 orc priests
  2 bullfrog skeletons
  4 human zombies (D:11)
  Jessica (D:2)
  3 iguanas
  Terence (D:3)
  13 orc wizards
  Natasha (D:3)
  2 human skeletons (D:11)
  6 worker ants
  An ogre zombie (D:11)
  A hound skeleton (D:7)
  The ghost of Pad the Twirler, a weakling GrGl (D:4)
  15 gnolls
  A howler monkey skeleton (D:10)
  13 adders
  A river rat (D:3)
  2 oozes
  An adder skeleton (D:4)
  2 worms
  A dart slug (D:4)
  6 leopard geckos
  71 orcs
  3 ball pythons
  6 giant cockroaches
  8 goblins
  7 hobgoblins
  3 jackals (D:3)
  5 quokkas
  9 bats
  9 frilled lizards
  10 kobolds
  An orc zombie (D:11)
  A quokka skeleton (D:6)
  8 rats
384 creatures vanquished.

Vanquished Creatures (collateral kills)
  Harold (D:11)
  An orc knight (Orc:2)
  2 slime creatures (D:12)
  An acid dragon (D:12)
  An ogre (Orc:2)
  A jelly (D:11)
  4 orcs (D:11)
11 creatures vanquished.

Grand Total: 395 creatures vanquished

Notes
Turn   | Place    | Note
-------+----------+-------------------------------------------
     0 | D:1      | troglodite the Demonspawn Berserker began the quest for the Orb.
     0 | D:1      | Reached XP level 1. HP: 18/18 MP: 1/1
   181 | D:1      | Gained mutation: You are partially covered in molten scales. (AC +2) [demonic ancestry]
   181 | D:1      | Reached XP level 2. HP: 10/24 MP: 2/2
   784 | D:1      | Reached XP level 3. HP: 8/30 MP: 3/3
  1307 | D:2      | Found a sacrificial altar of Ru.
  1398 | D:2      | Found a white marble altar of Elyvilon.
  1399 | D:2      | Noticed Jessica
  1408 | D:2      | Killed Jessica
  1408 | D:2      | Gained mutation: You have large cloven feet. [demonic ancestry]
  1408 | D:2      | Reached XP level 4. HP: 37/37 MP: 4/4
  1409 | D:2      | Reached ** piety under Trog
  2164 | D:3      | Reached XP level 5. HP: 42/42 MP: 5/5
  2422 | D:3      | Found a glowing drain.
  2503 | Sewer    | Entered a sewer
  2602 | Sewer    | Noticed Purgy
  2610 | Sewer    | Killed Purgy
  2610 | Sewer    | Reached skill level 1 in Stealth
  2610 | Sewer    | Gained mutation: You have hoof-like feet. [demonic ancestry]
  2610 | Sewer    | Reached XP level 6. HP: 49/49 MP: 6/6
  2732 | Sewer    | Found the +0 pair of fencer's gloves {+Riposte Dex+3}
  2956 | D:3      | Noticed Sigmund
  2960 | D:3      | Killed Sigmund
  3017 | D:4      | Reached *** piety under Trog
  3298 | D:3      | Reached XP level 7. HP: 55/55 MP: 7/7
  3375 | D:3      | Found a stormy altar of Qazlal.
  3502 | D:3      | Noticed Natasha
  3512 | D:3      | Killed Natasha
  3810 | D:3      | Noticed Terence
  3818 | D:3      | Killed Terence
  4113 | D:4      | Found a staircase to the Ecumenical Temple.
  4338 | D:4      | Noticed Pad's ghost (weakling GrGl)
  4347 | D:4      | Killed Pad's ghost
  4571 | D:4      | Found a sparkling altar of Nemelex Xobeh.
  4750 | D:5      | Entered Level 5 of the Dungeon
  4769 | D:5      | Found a radiant altar of Vehumet.
  4812 | D:5      | Reached skill level 5 in Fighting
  4812 | D:5      | Reached skill level 5 in Long Blades
  4812 | D:5      | Reached skill level 5 in Armour
  4822 | D:5      | Gained mutation: You regenerate a little health from kills. [demonic ancestry]
  4822 | D:5      | Reached XP level 8. HP: 57/62 MP: 8/8
  5326 | D:5      | Reached **** piety under Trog
  5981 | D:6      | Noticed troglodite's ghost (novice DsBe)
  6091 | D:6      | Killed troglodite's ghost
  6091 | D:6      | Gained mutation: You regenerate health from kills. [demonic ancestry]
  6091 | D:6      | Reached XP level 9. HP: 69/69 MP: 9/9
  6557 | D:6      | Received a gift from Trog
  6711 | D:7      | Found a shadowy altar of Dithmenos.
  6892 | D:7      | Reached skill level 1 in Shields
  7113 | D:7      | Found a shimmering altar of Xom.
  7127 | D:7      | Reached skill level 5 in Dodging
  7848 | D:8      | Noticed a skeletal warrior
  7851 | D:8      | Noticed a skeletal warrior
  8304 | D:8      | Reached ***** piety under Trog
  8811 | D:8      | Noticed a skeletal warrior
  8813 | D:8      | Noticed a skeletal warrior
  8831 | D:8      | Killed a skeletal warrior
  8831 | D:8      | Gained mutation: You are mostly covered in molten scales. (AC +3) [demonic ancestry]
  8831 | D:8      | Reached XP level 10. HP: 79/79 MP: 10/10
  8959 | D:8      | Killed a skeletal warrior
  9051 | D:8      | Killed a skeletal warrior
  9139 | D:8      | Killed a skeletal warrior
 10332 | D:10     | Entered Level 10 of the Dungeon
 10585 | D:10     | Found a sparkling altar of Nemelex Xobeh.
 10621 | D:10     | Found Onker's Gadget Boutique.
 10738 | D:10     | Reached XP level 11. HP: 86/86 MP: 11/11
 10813 | D:10     | Found a staircase to the Lair.
 11203 | D:11     | Noticed Gastronok
 11212 | D:11     | Killed Gastronok
 11256 | D:11     | Noticed Harold
 11275 | D:11     | Killed Harold
 11283 | D:11     | Found a roughly hewn altar of Beogh.
 11283 | D:11     | Found a staircase to the Orcish Mines.
 11396 | D:11     | Reached skill level 5 in Shields
 11404 | D:11     | Got a twisted falchion
 11405 | D:11     | Identified the +7 falchion of Duty {slice, rPois} (You found it on level 11 of the Dungeon)
 12299 | D:11     | Found a basalt altar of Yredelemnul.
 12406 | D:11     | Noticed dscm's ghost (journeyman OpFi)
 12415 | D:11     | Killed dscm's ghost
 12443 | D:12     | Noticed a two-headed ogre
 12455 | D:12     | Killed a two-headed ogre
 12556 | D:12     | Reached XP level 12. HP: 61/96 MP: 12/12
 12580 | D:12     | Received a gift from Trog
 12694 | D:12     | Noticed a two-headed ogre
 12704 | D:12     | Killed a two-headed ogre
 13487 | D:12     | Noticed a death knight
 13694 | Orc:1    | Entered Level 1 of the Orcish Mines
 13716 | Orc:2    | Entered Level 2 of the Orcish Mines
 13865 | Orc:2    | Reached skill level 10 in Long Blades
 13910 | Orc:2    | Found a staircase to the Elven Halls.
 13924 | Orc:2    | Found a roughly hewn altar of Beogh.
 13955 | Orc:2    | Reached skill level 10 in Fighting
 14539 | Elf:1    | Entered Level 1 of the Elven Halls
 14553 | Orc:2    | Mangled by an ogre

Skill      XL: |  1  2  3  4  5  6  7  8  9 10 11 12 |
---------------+-------------------------------------+-----
Armour         | 2 3 4 5 6 7 8 9 |  9.8
Long Blades    | 3 4 5 6 7 8 9 10 | 10.3
Dodging        | 2 3 4 5 6 7 |  7.7
Fighting       | 4 5 6 7 8 9 10 | 10.2
Stealth        | 1 2 |  2.5
Shields        | 2 3 6 8 |  8.2

Action                   |  1- 3 |  4- 6 |  7- 9 | 10-12 || total
-------------------------+-------+-------+-------+-------++-------
Melee: Falchion          |    79 |   184 |   353 |   542 ||  1158
       Kick              |       |    44 |   189 |   336 ||   569
       Scimitar          |       |       |       |   135 ||   135
Invok: Berserk           |     3 |     6 |    17 |    13 ||    39
       Brothers in Arms  |       |       |     2 |     5 ||     7
       Burn Spellbooks   |       |       |       |     2 ||     2
  Use: Scroll            |       |     3 |    14 |     4 ||    21
       Potion            |       |     3 |     2 |       ||     5
 Stab: Sleeping          |     2 |     1 |       |       ||     3
  Eat: Chunk             |     3 |    13 |    16 |    18 ||    50
       Ration            |       |       |     5 |     6 ||    11
Armor: Animal skin       |    22 |    19 |       |       ||    41
       Plate armour      |       |   116 |    17 |       ||   133
       Scale mail        |       |       |   133 |   165 ||   298
       Chain mail        |       |       |       |    48 ||    48
Dodge: Dodged            |    46 |   100 |   204 |   195 ||   545
Block: Buckler           |       |       |    33 |    35 ||    68
       Large shield      |       |       |       |   423 ||   423
       Rpst.: Falchion   |    13 |    33 |   109 |    71 ||   226
       Scimitar          |       |       |       |    46 ||    46
